TOP OF THE 1ST |
Quad Cities River Bandits batting - Pitching for Delmarva Shorebirds : RHP Gavin Nelson
|
Pitching: RHP Gavin Nelson
|
|
Batting: LHB Kelvin Jones
|
0-0: Called Strike 0-1: Ball 1-1: Swinging Strike 1-2: Strikes out swinging
|
Batting: RHB Matt Parker
|
0-0: Called Strike 0-1: Foul Ball, location: 2F 0-2: Ball 1-2: Strikes out looking
|
Batting: LHB Daniel Lopez
|
0-0: Called Strike 0-1: Ball 1-1: Called Strike 1-2: Ball 2-2: Strikes out swinging
|
Top of the 1st over - 0 runs, 0 hits, 0 errors, 0 left on base; Quad Cities 0 - Delmarva 0 |
BOTTOM OF THE 1ST |
Delmarva Shorebirds batting - Pitching for Quad Cities River Bandits : RHP Manny Bonilla
|
Pitching: RHP Manny Bonilla
|
|
Batting: RHB Orlando Melchor
|
0-0: Swinging Strike 0-1: Ball 1-1: Ball 2-1: SINGLE (Line Drive, 56, EV 95.0 MPH)
|
Batting: RHB Michel Kamphuis
|
0-0: Ball Orlando Melchor is caught stealing 2nd base 2-4 1-0: Foul Ball, location: 2F 1-1: Called Strike 1-2: Foul Ball, location: 2F 1-2: Ground out 4-3 (Groundball, 4S, EV 93.1 MPH)
|
Batting: SHB Ryan Palermo
|
0-0: Ball 1-0: Called Strike 1-1: SINGLE (Groundball, 4MS, EV 68.1 MPH) (infield hit)
|
Batting: RHB Alex Jacobo
|
0-0: Ball Ryan Palermo steals 2nd base 1-0: Foul Ball, location: 2F 1-1: Ground out 1-3 (Groundball, 15, EV 69.4 MPH)
|
Bottom of the 1st over - 0 runs, 2 hits, 0 errors, 1 left on base; Quad Cities 0 - Delmarva 0 |
TOP OF THE 2ND |
Quad Cities River Bandits batting - Pitching for Delmarva Shorebirds : RHP Gavin Nelson
|
Batting: RHB Joe Cook
|
0-0: SINGLE (Groundball, 56S, EV 66.3 MPH) (infield hit)
|
Batting: RHB Ben Glavich
|
0-0: Called Strike 0-1: Ball 1-1: Called Strike 1-2: Strikes out swinging
|
Batting: SHB Salvador Gomez
|
0-0: Called Strike 0-1: Called Strike 0-2: Ball 1-2: Ball 2-2: Grounds into double play, 5-4-3 (Groundball, 56, EV 101.3 MPH)
|
Top of the 2nd over - 0 runs, 1 hit, 0 errors, 0 left on base; Quad Cities 0 - Delmarva 0 |
BOTTOM OF THE 2ND |
Delmarva Shorebirds batting - Pitching for Quad Cities River Bandits : RHP Manny Bonilla
|
Batting: RHB Francisco Viera
|
0-0: Called Strike 0-1: Called Strike 0-2: Ball 1-2: Ball 2-2: Ball 3-2: Base on Balls
|
Batting: RHB Longfellow Wetzler
|
0-0: Ball 1-0: Foul Ball, location: 2F 1-1: Called Strike Francisco Viera steals 2nd, throwing error, E2 Francisco Viera to third 1-2: Ball 2-2: Ground out 4-3 (Groundball, 4, EV 110.0 MPH) Francisco Viera scores
|
Batting: RHB Willie Manrique
|
0-0: Called Strike 0-1: Ball 1-1: Ball 2-1: Foul Ball, location: 2F 2-2: Ball 3-2: Base on Balls
|
Batting: RHB Jon Zimmerman
|
0-0: Called Strike 0-1: Called Strike 0-2: Ball 1-2: SINGLE (Line Drive, 6MD, EV 96.9 MPH) Willie Manrique to second Willie Manrique to third
|
Batting: RHB Adam Swimmer
|
0-0: Called Strike 0-1: Called Strike 0-2: Strikes out swinging
|
Batting: RHB Orlando Melchor
|
0-0: Ball 1-0: Ball 2-0: Ball 3-0: Base on Balls Jon Zimmerman to second
|
Batting: RHB Michel Kamphuis
|
0-0: Ball 1-0: Swinging Strike 1-1: Foul Ball, location: 2F 1-2: Ball 2-2: Ball 3-2: SINGLE (Groundball, 34S, EV 61.3 MPH) (infield hit) Willie Manrique scores Jon Zimmerman to third Orlando Melchor to second
|
Batting: SHB Ryan Palermo
|
0-0: Called Strike 0-1: DOUBLE (Line Drive, 78M, EV 101.3 MPH) Jon Zimmerman scores Orlando Melchor scores Michel Kamphuis to third Runner from 3rd tries for Home, SAFE, no throw by CF
|
Batting: RHB Alex Jacobo
|
0-0: DOUBLE (Line Drive, 89D, EV 105.6 MPH) Ryan Palermo scores
|
Batting: RHB Francisco Viera
|
0-0: Ball 1-0: Ground out 4-3 (Groundball, 4M, EV 110.6 MPH)
|
Bottom of the 2nd over - 6 runs, 4 hits, 1 error, 1 left on base; Quad Cities 0 - Delmarva 6 |
TOP OF THE 3RD |
Quad Cities River Bandits batting - Pitching for Delmarva Shorebirds : RHP Gavin Nelson
|
Batting: RHB Colin Cranford
|
0-0: Swinging Strike 0-1: Ball 1-1: Swinging Strike 1-2: Foul Ball, location: 2F 1-2: Strikes out looking
|
Batting: RHB Steve Moore
|
0-0: Ball 1-0: Ball 2-0: Ground out 5-3 (Groundball, 5L, EV 78.8 MPH)
|
Batting: RHB Chris Miller
|
0-0: Called Strike 0-1: Ball 1-1: Ball 2-1: Ball 3-1: Called Strike 3-2: SOLO HOME RUN (Flyball, 7D, EV 97.5 MPH), Distance : 378 ft
|
Batting: LHB Kelvin Jones
|
0-0: Called Strike 0-1: Called Strike 0-2: Foul Ball, location: 2F 0-2: Strikes out swinging
|
Top of the 3rd over - 1 run, 1 hit, 0 errors, 0 left on base; Quad Cities 1 - Delmarva 6 |
BOTTOM OF THE 3RD |
Delmarva Shorebirds batting - Pitching for Quad Cities River Bandits : RHP Manny Bonilla
|
Batting: RHB Longfellow Wetzler
|
0-0: Ball 1-0: Ball 2-0: Foul Ball, location: 2F 2-1: Ball 3-1: Foul Ball, location: 2F 3-2: SINGLE (Groundball, 56D, EV 101.9 MPH) (infield hit)
|
Batting: RHB Willie Manrique
|
0-0: Ball Longfellow Wetzler steals 2nd base (no throw) 1-0: Called Strike 1-1: Ball 2-1: Foul Ball, location: 2F 2-2: Ball 3-2: Strikes out looking
|
Batting: RHB Jon Zimmerman
|
0-0: Ball 1-0: Ball 2-0: Called Strike 2-1: Ball 3-1: Base on Balls
|
Batting: RHB Adam Swimmer
|
0-0: Ball 1-0: Foul Ball, location: 2F 1-1: Ball 2-1: Foul Ball, location: 2F 2-2: Foul Ball, location: 2F 2-2: Ball 3-2: Base on Balls Longfellow Wetzler to third Jon Zimmerman to second
|
Batting: RHB Orlando Melchor
|
0-0: Fly out, F8 (Line Drive, 8LD, EV 93.8 MPH) Runner from 3rd tags up, SCORES, throw by CF Jon Zimmerman to third
|
Batting: RHB Michel Kamphuis
|
0-0: Ball 1-0: Single, Error in OF, E8, batter to second base (Groundball, 6MD, EV 96.9 MPH) Jon Zimmerman scores Adam Swimmer to third
|
Pitching: RHP Arsène Serre
|
|
Batting: SHB Ryan Palermo
|
0-0: Ball 1-0: Foul Ball, location: 2F 1-1: Foul Ball, location: 2F 1-2: Ball 2-2: Foul Ball, location: 2F 2-2: Foul Ball, location: 2F 2-2: Ground out 4-3 (Groundball, 4M, EV 77.5 MPH)
|
Bottom of the 3rd over - 2 runs, 2 hits, 1 error, 2 left on base; Quad Cities 1 - Delmarva 8 |
TOP OF THE 4TH |
Quad Cities River Bandits batting - Pitching for Delmarva Shorebirds : RHP Gavin Nelson
|
Batting: RHB Matt Parker
|
0-0: Ball 1-0: SINGLE (Groundball, 6D, EV 105.6 MPH)
|
Batting: LHB Daniel Lopez
|
0-0: Called Strike 0-1: Foul Ball, location: 2F 0-2: Foul Ball, location: 2F 0-2: Foul Ball, location: 2F 0-2: Strikes out swinging
|
Batting: RHB Joe Cook
|
0-0: Ball Matt Parker is caught stealing 2nd base 2-4 1-0: Foul Ball, location: 2F 1-1: Ball 2-1: Ball 3-1: Foul Ball, location: 2F 3-2: SINGLE (Groundball, 56D, EV 105.0 MPH)
|
Batting: RHB Ben Glavich
|
0-0: Foul Ball, location: 2F 0-1: Called Strike 0-2: SINGLE (Groundball, 6MD, EV 80.0 MPH) (infield hit) Joe Cook to second
|
Batting: SHB Salvador Gomez
|
0-0: Called Strike 0-1: Foul Ball, location: 2F 0-2: Strikes out swinging
|
Top of the 4th over - 0 runs, 3 hits, 0 errors, 2 left on base; Quad Cities 1 - Delmarva 8 |
BOTTOM OF THE 4TH |
Delmarva Shorebirds batting - Pitching for Quad Cities River Bandits : RHP Arsène Serre
|
Batting: RHB Alex Jacobo
|
0-0: Ball 1-0: Foul Ball, location: 2F 1-1: Called Strike 1-2: Ball 2-2: Ground out 6-3 (Groundball, 56, EV 81.9 MPH)
|
Batting: RHB Francisco Viera
|
0-0: Ball 1-0: Swinging Strike 1-1: Ball 2-1: Foul Ball, location: 2F 2-2: Fly out, F9 (Line Drive, 9D, EV 95.0 MPH)
|
Batting: RHB Longfellow Wetzler
|
0-0: Ball 1-0: Ball 2-0: Foul Ball, location: 2F 2-1: Ball 3-1: Base on Balls
|
Pitching: RHP Chris Miles
|
|
Batting: RHB Willie Manrique
|
0-0: Ball 1-0: Ball 2-0: Fly out, F9 (Flyball, 9, EV 94.4 MPH)
|
Bottom of the 4th over - 0 runs, 0 hits, 0 errors, 1 left on base; Quad Cities 1 - Delmarva 8 |
TOP OF THE 5TH |
Quad Cities River Bandits batting - Pitching for Delmarva Shorebirds : RHP Gavin Nelson
|
Batting: RHB Colin Cranford
|
0-0: Called Strike 0-1: Ball 1-1: Called Strike 1-2: Foul Ball, location: 2F 1-2: Ball 2-2: Foul Ball, location: 2F 2-2: Strikes out swinging
|
Batting: RHB Steve Moore
|
0-0: Called Strike 0-1: Ball 1-1: Fly out, F7 (Line Drive, 7, EV 93.8 MPH)
|
Batting: RHB Chris Miller
|
0-0: Called Strike 0-1: Ball 1-1: Called Strike 1-2: Foul Ball, location: 2F 1-2: Fly out, F5 (Flyball, 5D, EV 90.0 MPH)
|
Top of the 5th over - 0 runs, 0 hits, 0 errors, 0 left on base; Quad Cities 1 - Delmarva 8 |
BOTTOM OF THE 5TH |
Delmarva Shorebirds batting - Pitching for Quad Cities River Bandits : RHP Chris Miles
|
Batting: RHB Jon Zimmerman
|
0-0: Ball 1-0: Swinging Strike 1-1: Called Strike 1-2: Ball 2-2: DOUBLE (Flyball, 8LXD, EV 94.4 MPH)
|
Batting: RHB Adam Swimmer
|
0-0: Foul Ball, location: 2F 0-1: Ball 1-1: Called Strike 1-2: Foul Ball, location: 2F 1-2: Strikes out swinging
|
Batting: RHB Orlando Melchor
|
0-0: Ball 1-0: SINGLE (Groundball, 6D, EV 103.1 MPH) Jon Zimmerman to third
|
Batting: RHB Michel Kamphuis
|
0-0: Called Strike Orlando Melchor steals 2nd base 0-1: Ball 1-1: Ball 2-1: Foul Ball, location: 2F 2-2: Foul Ball, location: 2F 2-2: Foul Ball, location: 2F 2-2: Ball 3-2: TRIPLE (Flyball, 89XD, EV 89.4 MPH) Jon Zimmerman scores Orlando Melchor scores
|
Pitching: RHP Ray Leuthauser
|
|
Batting: SHB Ryan Palermo
|
0-0: Called Strike 0-1: Ball 1-1: Foul Ball, location: 2F 1-2: Ball 2-2: Strikes out swinging
|
Batting: RHB Alex Jacobo
|
0-0: Ball 1-0: Foul Ball, location: 2F 1-1: Ball 2-1: Ball 3-1: Base on Balls
|
Batting: RHB Francisco Viera
|
0-0: Ball 1-0: Ball 2-0: Foul Ball, location: 2F 2-1: Ground out 4-3 (Groundball, 4, EV 82.5 MPH)
|
Bottom of the 5th over - 2 runs, 3 hits, 0 errors, 2 left on base; Quad Cities 1 - Delmarva 10 |
TOP OF THE 6TH |
Quad Cities River Bandits batting - Pitching for Delmarva Shorebirds : RHP Gavin Nelson
|
Batting: LHB Kelvin Jones
|
0-0: Called Strike 0-1: Fly out, F8 (Flyball, 78D, EV 110.0 MPH)
|
Batting: RHB Matt Parker
|
0-0: Ball 1-0: Ball 2-0: Ground out 4-3 (Groundball, 4M, EV 85.0 MPH)
|
Batting: LHB Daniel Lopez
|
0-0: Ball 1-0: Ball 2-0: Ball 3-0: Base on Balls
|
Batting: RHB Joe Cook
|
0-0: Ball 1-0: Foul Ball, location: 2F 1-1: SINGLE (Groundball, 5S, EV 62.5 MPH) (infield hit) Daniel Lopez to second
|
Batting: RHB Ben Glavich
|
0-0: Called Strike 0-1: Ball 1-1: Called Strike 1-2: Ball 2-2: Foul Ball, location: 2F 2-2: Ball 3-2: Fly out, F4 (Flyball, 3D, EV 88.8 MPH)
|
Top of the 6th over - 0 runs, 1 hit, 0 errors, 2 left on base; Quad Cities 1 - Delmarva 10 |
BOTTOM OF THE 6TH |
Delmarva Shorebirds batting - Pitching for Quad Cities River Bandits : RHP Ray Leuthauser
|
Batting: RHB Longfellow Wetzler
|
0-0: Called Strike 0-1: Fly out, F8 (Flyball, 78M, EV 97.5 MPH)
|
Batting: RHB Willie Manrique
|
0-0: Called Strike 0-1: Ball 1-1: Ball 2-1: Ball 3-1: Base on Balls
|
Batting: RHB Jon Zimmerman
|
0-0: Ball 1-0: Ball 2-0: DOUBLE (Line Drive, 5D, EV 95.6 MPH) Willie Manrique to third Runner from 3rd tries for Home, SAFE, no throw by LF
|
Pitching: RHP Robin Yelland
|
|
Batting: RHB Adam Swimmer
|
0-0: Ball 1-0: Ball 2-0: Ball 3-0: Base on Balls
|
Batting: RHB Orlando Melchor
|
0-0: Called Strike 0-1: Swinging Strike 0-2: Grounds into double play, 6-4-3 (Groundball, 6, EV 84.4 MPH)
|
Bottom of the 6th over - 1 run, 1 hit, 0 errors, 1 left on base; Quad Cities 1 - Delmarva 11 |
TOP OF THE 7TH |
Quad Cities River Bandits batting - Pitching for Delmarva Shorebirds : RHP Gavin Nelson
|
Pitching: LHP John Dyer
|
|
Batting: SHB Salvador Gomez
|
0-0: Called Strike 0-1: Foul Ball, location: 2F 0-2: Strikes out looking
|
Batting: RHB Colin Cranford
|
0-0: Foul Ball, location: 2F 0-1: Foul Ball, location: 2F 0-2: Foul Ball, location: 2F 0-2: Strikes out swinging
|
Batting: RHB Steve Moore
|
0-0: Called Strike 0-1: Ball 1-1: DOUBLE (Line Drive, 3D, EV 104.4 MPH)
|
Batting: RHB Chris Miller
|
0-0: Ball 1-0: Called Strike 1-1: Ball 2-1: Swinging Strike 2-2: Strikes out swinging
|
Top of the 7th over - 0 runs, 1 hit, 0 errors, 1 left on base; Quad Cities 1 - Delmarva 11 |
BOTTOM OF THE 7TH |
Delmarva Shorebirds batting - Pitching for Quad Cities River Bandits : RHP Robin Yelland
|
Batting: RHB Michel Kamphuis
|
0-0: Ball 1-0: DOUBLE (Line Drive, 8RXD, EV 105.6 MPH)
|
Batting: SHB Ryan Palermo
|
0-0: Ball 1-0: Called Strike 1-1: Swinging Strike 1-2: Foul Ball, location: 2F 1-2: Fly out, F9 (Flyball, 9D, EV 88.8 MPH) Runner from 2nd tags up, SAFE at 3rd, no throw by RF
|
Batting: RHB Alex Jacobo
|
0-0: Ball 1-0: Fly out, F3 (Popup, 3F, EV 58.1 MPH)
|
Batting: RHB Francisco Viera
|
0-0: Ball 1-0: Ball 2-0: Ball 3-0: Base on Balls
|
Batting: RHB Longfellow Wetzler
|
0-0: Called Strike 0-1: Ball 1-1: Fly out, F6 (Line Drive, 6, EV 69.4 MPH)
|
Bottom of the 7th over - 0 runs, 1 hit, 0 errors, 2 left on base; Quad Cities 1 - Delmarva 11 |
TOP OF THE 8TH |
Quad Cities River Bandits batting - Pitching for Delmarva Shorebirds : LHP John Dyer
|
Batting: LHB Kelvin Jones
|
0-0: Ball 1-0: Ball 2-0: Called Strike 2-1: Foul Ball, location: 2F 2-2: Ball 3-2: Ground out 6-3 (Groundball, 6, EV 89.4 MPH)
|
Batting: RHB Matt Parker
|
0-0: Swinging Strike 0-1: Called Strike 0-2: Strikes out swinging
|
Batting: LHB Daniel Lopez
|
0-0: Ball 1-0: Swinging Strike 1-1: Foul Ball, location: 2F 1-2: Ball 2-2: Ball 3-2: Foul Ball, location: 2F 3-2: Foul Ball, location: 2F 3-2: Strikes out looking
|
Top of the 8th over - 0 runs, 0 hits, 0 errors, 0 left on base; Quad Cities 1 - Delmarva 11 |
BOTTOM OF THE 8TH |
Delmarva Shorebirds batting - Pitching for Quad Cities River Bandits : RHP Robin Yelland
|
Batting: RHB Willie Manrique
|
0-0: Ground out 4-3 (Groundball, 4M, EV 100.6 MPH)
|
Batting: RHB Jon Zimmerman
|
0-0: Ball 1-0: DOUBLE (Line Drive, 78D, EV 110.6 MPH)
|
Batting: RHB Adam Swimmer
|
0-0: Called Strike 0-1: Foul Ball, location: 2F 0-2: Ground out U3 (Groundball, 3, EV 83.1 MPH) Jon Zimmerman to third
|
Batting: RHB Orlando Melchor
|
0-0: Called Strike 0-1: Foul Ball, location: 2F 0-2: Ball 1-2: Foul Ball, location: 2F 1-2: Ball 2-2: Foul Ball, location: 2F 2-2: Fly out, F9 (Flyball, 9LD, EV 101.3 MPH)
|
Bottom of the 8th over - 0 runs, 1 hit, 0 errors, 1 left on base; Quad Cities 1 - Delmarva 11 |
TOP OF THE 9TH |
Quad Cities River Bandits batting - Pitching for Delmarva Shorebirds : LHP John Dyer
|
Batting: RHB Joe Cook
|
0-0: Fly out, F8 (Line Drive, 8RM, EV 93.1 MPH)
|
Batting: RHB Ben Glavich
|
0-0: Foul Ball, location: 2F 0-1: Ball 1-1: Swinging Strike 1-2: Strikes out swinging
|
Batting: SHB Salvador Gomez
|
0-0: Foul Ball, location: 2F 0-1: Ball 1-1: Fly out, F7 (Flyball, 7LM, EV 93.1 MPH)
|
Top of the 9th over - 0 runs, 0 hits, 0 errors, 0 left on base; Quad Cities 1 - Delmarva 11 |
|